[Event "Swedish Chess Championship 2019: Veteran-SM 65+"]
[Site "Stiga Sports Arena, Arenatorget 1, Eskilstuna, Sweden"]
[Date "2019.07.10"]
[Round "5.4"]
[White "Svensson, Hakan"]
[Black "Gromark, Jonas"]
[Result "1-0"]
[TimeControl "90 minutes for 40 moves + 30 minutes for the rest of the game + 30 seconds per move from move one"]
[WhiteFideId "1714201"]
[BlackFideId "137122733"]
[WhiteElo "2056"]
[BlackElo "1833"]

1. d4 Nf6 2. Bg5 d5 3.
Bxf6 exf6 4. e3 Bd6 5. c4 dxc4 6. Bxc4 O-O 7. Nc3 f5 8. Qc2 c6 9.
Nf3 Nd7 10. Bd3 g6 11. h4 Nf6 12. h5 Kg7 13. O-O-O Be6 14. Kb1 Qe7 15. hxg6 hxg6 16. Rhe1 Nd5 17. Nxd5 cxd5 18. g3 Rac8 19.
Qb3 f6 20. Nh4 a6 21. g4 g5 22. Nxf5+ Bxf5 23. Bxf5 Rc4 24. Rh1 Rh8 25. Rxh8 Kxh8 26. Rh1+ Kg8 27. Bh7+ Kf8 28. Bd3 Ke8 29.
Rh8+ 1-0

[Event "Swedish Chess Championship 2019: Veteran-SM 65+"]
[Site "Stiga Sports Arena, Arenatorget 1, Eskilstuna, Sweden"]
[Date "2019.07.11"]
[Round "6.1"]
[White "Andersson, Kjell-Ake"]
[Black "Amnell, Mats"]
[Result "1-0"]
[TimeControl "90 minutes for 40 moves + 30 minutes for the rest of the game + 30 seconds per move from move one"]
[WhiteFideId "1713825"]
[BlackFideId "1717316"]
[WhiteElo "1859"]
[BlackElo "1770"]

1. c4 Nf6 2. Nc3 g6 3. g3 Bg7 4. Bg2 O-O 5. e4 d6 6. Nge2 c5 7. O-O Nc6 8. d3 Bd7 9. h3 Ne8 10. Be3 Nc7 11. d4 cxd4 12. Nxd4 Ne6 13. Nde2 Ne5 14. b3 Qa5 15.
Qd2 Nc5 16. Rab1 Qb4 17. f4 Nc6 18. Rfd1 f5 19. a3 Qxa3 20. Nb5 Qb4 21. Qxb4 Nxb4 22. Bxc5 Nc2 23. Nbc3 Bc6 24. Bf2 fxe4 25.
Bxe4 Bxe4 26. Nxe4 Na3 27. Ra1 Bxa1 28. Rxa1 Nc2 29. Ra2 Nb4 30. Ra4 a5 31. Bb6 Ra6 32. Bf2 Nd3 33. Bd4 e5 34.
Bc3 exf4 35. gxf4 Nxf4 36. Nxf4 Rxf4 37. c5 Kf8 38. cxd6 Rc6 39. d7 Ke7 40. Rd4 Kd8 41. Bd2 g5 42.
Bxf4 gxf4 43. Kf2 b5 44. Rd5 a4 45. bxa4 bxa4 46. Nc5 Rb6 47. Nxa4 Rb8 48. Nc5 Rb6 49. Re5 Rd6 1-0

[Event "Swedish Chess Championship 2019: Veteran-SM 65+"]
[Site "Stiga Sports Arena, Arenatorget 1, Eskilstuna, Sweden"]
[Date "2019.07.11"]
[Round "6.2"]
[White "Gajic, Zoran"]
[Black "Adolfsson, Kjell"]
[Result "1-0"]
[TimeControl "90 minutes for 40 moves + 30 minutes for the rest of the game + 30 seconds per move from move one"]
[WhiteFideId "1718304"]
[BlackFideId "1714961"]
[WhiteElo "1936"]
[BlackElo "1895"]

1. d4 d5 2. Nf3 e6 3. e3 Nf6 4. Bd3 c5 5. b3 Nc6 6. Bb2 Qc7 7. a3 a6 8. Nbd2 b5 9. c4 cxd4 10.
cxb5 dxe3 11. fxe3 Ne7 12. Rc1 Qd8 13. Ne5 Qd6 14. O-O Bb7 15. Qe2 Ng6 16. bxa6 Rxa6 17. Bb5+ Ke7 18. Bd4 Qb8 19.
Bxa6 Bxa6 20. Nc6+ 1-0

[Event "Swedish Chess Championship 2019: Veteran-SM 65+"]
[Site "Stiga Sports Arena, Arenatorget 1, Eskilstuna, Sweden"]
[Date "2019.07.11"]
[Round "6.3"]
[White "Moborn, Anders"]
[Black "Wedin, Svante"]
[Result "1-0"]
[TimeControl "90 minutes for 40 moves + 30 minutes for the rest of the game + 30 seconds per move from move one"]
[WhiteFideId "1706349"]
[BlackFideId "1711989"]
[WhiteElo "2034"]
[BlackElo "2003"]

1. d4 d5 2. c4 c6 3. Nc3 Nf6 4. Nf3 dxc4 5. a4 Bf5 6. e3 e6 7. Bxc4 Bd6 8. O-O O-O 9. Re1 Bg4 10. h3 Bh5 11. e4 Be7 12. g4 Bg6 13. Ne5 Nbd7 14. Nxg6 hxg6 15. Be3 e5 16. dxe5 Nxe5 17. Be2 Qa5 18. Qb3 Bb4 19. Bf4 Rae8 20.
f3 Re7 21. Kg2 Nfd7 22. Red1 Nc5 23. Qc2 Ne6 24. Bg3 g5 25. Nd5 Ng6 26. Nxe7+ Bxe7 27. Rd7 Qb6 28. Bc4 Nd4 29. Qd2 Bc5 30.
b4 Bxb4 31. Qxd4 Bc5 32. Qd2 Be3 33. Qc2 c5 34. Rb1 Qf6 35. Rbxb7 Nh4+ 1-0

[Event "Swedish Chess Championship 2019: Veteran-SM 65+"]
[Site "Stiga Sports Arena, Arenatorget 1, Eskilstuna, Sweden"]
[Date "2019.07.11"]
[Round "6.4"]
[White "Gromark, Jonas"]
[Black "Lagerborg, Krister"]
[Result "1-0"]
[TimeControl "90 minutes for 40 moves + 30 minutes for the rest of the game + 30 seconds per move from move one"]
[WhiteFideId "137122733"]
[BlackFideId "1712411"]
[WhiteElo "1833"]
[BlackElo "2129"]

1. b3 e5 2. Bb2 d6 3. c4 Nd7 4. e3 g6 5. d3 Bg7 6. Nf3 f5 7. Be2 Ngf6 8.
O-O O-O 9. Qc2 h6 10. Nc3 g5 11. Nd2 g4 12. f4 exf4 13. exf4 c5 14. d4 cxd4 15. Nb5 Nc5 16. Nxd4 Re8 17.
Rae1 Nfe4 18. Nxe4 fxe4 19. b4 Na6 20. a3 Qb6 21. Rd1 h5 22. Kh1 Bd7 23. Qb3 Kh8 24. Nb5 Bxb5 25. Bxg7+ Kxg7 26.
Qc3+ Kf7 27. cxb5 Nc7 28. Bc4+ d5 29. Bxd5+ Kg6 30. f5+ Kh7 31. Bxe4 Re7 32. Bd3 Nd5 33. f6+ Kh6 34. Qd2+ Re3 35.
Bc4 Nxf6 36. Rxf6+ Qxf6 37. Qxe3+ Kg7 38. Rf1 Qg6 39. Qe5+ Kh7 40. Bd3 Qxd3 41. Rf7+ Kh6 42. Qg7# 1-0

[Event "Swedish Chess Championship 2019: Veteran-SM 65+"]
[Site "Stiga Sports Arena, Arenatorget 1, Eskilstuna, Sweden"]
[Date "2019.07.12"]
[Round "7.1"]
[White "Adolfsson, Kjell"]
[Black "Andersson, Kjell-Ake"]
[Result "1/2-1/2"]
[TimeControl "90 minutes for 40 moves + 30 minutes for the rest of the game + 30 seconds per move from move one"]
[WhiteFideId "1714961"]
[BlackFideId "1713825"]
[WhiteElo "1895"]
[BlackElo "1859"]

1. Nc3 d5 2. e4 e6 3. f4 dxe4 4. Nxe4 Nf6 5. Nf2 c5 6.
Nf3 Nc6 7. b3 Be7 8. Bb2 O-O 9. g3 b6 10. Bg2 Bb7 11. O-O Qc7 12. Qe2 Rad8 13. d3 Nd4 14. Nxd4 Bxg2 15. Kxg2 cxd4 16.
Rac1 Nd5 17. Kg1 Ne3 18. Rfe1 Bb4 19. c3 Qb7 20. Ne4 dxc3 21. Bxc3 Bxc3 22. Rxc3 Nd5 23. Rc4 Rd7 24. Rec1 Rfd8 25.
a4 Ne7 26. Nf2 Nf5 27. Qe4 h6 28. Qxb7 Rxb7 29. Rc7 Rd7 30. Rxb7 Rxb7 31. Rc8+ 1/2-1/2

[Event "Swedish Chess Championship 2019: Veteran-SM 65+"]
[Site "Stiga Sports Arena, Arenatorget 1, Eskilstuna, Sweden"]
[Date "2019.07.12"]
[Round "7.2"]
[White "Amnell, Mats"]
[Black "Moborn, Anders"]
[Result "1/2-1/2"]
[TimeControl "90 minutes for 40 moves + 30 minutes for the rest of the game + 30 seconds per move from move one"]
[WhiteFideId "1717316"]
[BlackFideId "1706349"]
[WhiteElo "1770"]
[BlackElo "2034"]

1. e4 e6 2. d4 d5 3. Nd2 Nf6 4. Bd3 c5 5. c3 Nc6 6. Ngf3 dxe4 7. Nxe4 cxd4 8. cxd4 Bb4+ 9.
Nc3 O-O 10. O-O h6 11. a3 Be7 12. Re1 a6 13. Bc2 Re8 1/2-1/2

[Event "Swedish Chess Championship 2019: Veteran-SM 65+"]
[Site "Stiga Sports Arena, Arenatorget 1, Eskilstuna, Sweden"]
[Date "2019.07.12"]
[Round "7.3"]
[White "Svensson, Hakan"]
[Black "Gajic, Zoran"]
[Result "0-1"]
[TimeControl "90 minutes for 40 moves + 30 minutes for the rest of the game + 30 seconds per move from move one"]
[WhiteFideId "1714201"]
[BlackFideId "1718304"]
[WhiteElo "2056"]
[BlackElo "1936"]

1. d4 Nf6 2. Bg5 d5 3. e3 e6 4. Nf3 Be7 5. Nbd2 b6 6. Bd3 Bb7 7. Ne5 Nfd7 8. Bxe7 Qxe7 9. f4 Nxe5 10.
fxe5 Ba6 11. Bxa6 Nxa6 12. Qe2 Nb4 13. Nf3 c5 14. c3 Nc6 15. O-O O-O 16. e4 Rfd8 17. Rad1 cxd4 18. cxd4 Rac8 19.
a3 Na5 20. exd5 Rxd5 21. Rc1 Rdd8 22. Qb5 g5 23. Qd3 g4 24. Nd2 Nc6 25. Rxc6 Rxc6 26. Ne4 Qh4 27. g3 Qh6 28. Nf6+ Kg7 29.
Nxg4 Qg6 30. Qf3 Rdc8 31. h4 Qf5 32. Qd1 Qe4 33. Rxf7+ Kxf7 34. Qf1+ Qf5 35. Nh6+ Kf8 36. Nxf5 Rc1 37.
Nd6+ Rxf1+ 38. Kxf1 Rc1+ 39. Kf2 Rc2+ 40. Kf3 Rxb2 41. Kf4 Rb3 42. g4 h6 43. g5 hxg5+ 44. Kxg5 Rxa3 45. Kf6 Rh3 46.
Kxe6 Rxh4 47. Nf5 Rh7 48. d5 a5 49. Kf6 Rf7+ 50. Kg6 Rd7 51. d6 a4 52. Kf6 Rf7+ 53. Ke6 Ke8 54. Nd4 a3 55.
Kd5 a2 56. Nb3 Rf3 57. Na1 Rd3+ 58. Kc6 Rc3+ 59. Kd5 Rc1 0-1

[Event "Swedish Chess Championship 2019: Veteran-SM 65+"]
[Site "Stiga Sports Arena, Arenatorget 1, Eskilstuna, Sweden"]
[Date "2019.07.12"]
[Round "7.4"]
[White "Wedin, Svante"]
[Black "Gromark, Jonas"]
[Result "1-0"]
[TimeControl "90 minutes for 40 moves + 30 minutes for the rest of the game + 30 seconds per move from move one"]
[WhiteFideId "1711989"]
[BlackFideId "137122733"]
[WhiteElo "2003"]
[BlackElo "1833"]

1. e4 e6 2. d4 d5 3. Nd2 a6 4. Bd3 c5 5. exd5 exd5 6. dxc5 Bxc5 7.
Ngf3 Qe7+ 8. Qe2 Nc6 9. c3 Qxe2+ 10. Bxe2 Nf6 11. O-O O-O 12. Nb3 Bb6 13. Bg5 Ne4 14. Bf4 Re8 15. Bd3 Bg4 16.
Nfd4 Bh5 17. Rae1 Bg6 18. Bb1 Nf6 19. Be3 Bxb1 20. Rxb1 Ng4 21. Rfe1 Nxe3 22. fxe3 Ne5 23. Re2 g6 24. h3 Nc4 25. Kf2 Re5 26.
Nd2 Nxd2 27. Rxd2 Rae8 28. Re1 h5 29. g3 h4 30. g4 Rd8 31. Nf3 Re4 32. Nxh4 f5 33. Nxg6 f4 34. Kf3 fxe3 35.
Rxd5 Rde8 36. Re2 R4e6 37. Nh4 Rh6 38. Rh5 Rf8+ 39. Kg2 Rd6 40. Rg5+ Kh7 41. Nf5 Rd2 42. Kf3 Rd1 43. Rg7+ Kh8 44.
Rxb7 Rf6 45. Kg2 Re6 46. g5 Bc5 47. h4 Rd2 48. Kf3 Rxe2 49. Kxe2 Re5 50. Nh6 Rd5 51. g6 Rd2+ 52. Ke1 1-0

[Event "Swedish Chess Championship 2019: Veteran-SM 65+"]
[Site "Stiga Sports Arena, Arenatorget 1, Eskilstuna, Sweden"]
[Date "2019.07.13"]
[Round "8.1"]
[White "Andersson, Kjell-Ake"]
[Black "Moborn, Anders"]
[Result "0-1"]
[TimeControl "90 minutes for 40 moves + 30 minutes for the rest of the game + 30 seconds per move from move one"]
[WhiteFideId "1713825"]
[BlackFideId "1706349"]
[WhiteElo "1859"]
[BlackElo "2034"]

1. Nf3 Nf6 2. c4 c6 3. b3 d5 4. Bb2 Bf5 5. d3 e6 6. g3 Qb6 7. Nbd2 Nbd7 8. Bg2 Bc5 9. O-O O-O 10. h3 h6 11.
Qe1 Rfe8 12. Kh2 a5 13. a3 d4 14. Qc1 e5 15. Qc2 Bh7 16. Rae1 Bf8 17. Rg1 Bc5 18. Rgf1 Rad8 19. Ng1 Bf8 20.
Ngf3 Nc5 21. b4 axb4 22. axb4 Qxb4 23. Rb1 Qa5 24. Ra1 Qc7 25. Nb3 e4 26. dxe4 Ncxe4 27. Qc1 c5 28. Ra7 Bd6 29.
Kg1 Qb6 30. Ra3 Ra8 31. Qa1 Rxa3 32. Qxa3 Qc7 33. Nc1 b6 34. Qa4 Qb7 35. Nd2 Ra8 36. Qd1 Ra7 37. Nd3 Qc7 38. Nxe4 Nxe4 39.
Qc1 Qe7 40. Qc2 Qe8 41. Qb3 Bc7 42. Re1 Qa4 43. Qxa4 Rxa4 44. Ra1 Rxa1+ 45. Bxa1 Nd2 46. Bd5 Be4 47. Bb2 Bxd5 48. cxd5 c4 49.
Ne1 c3 50. Ba3 Nc4 51. Bb4 Bd6 52. Nc2 Bxb4 53. Nxb4 Na3 54. d6 Kf8 0-1

[Event "Swedish Chess Championship 2019: Veteran-SM 65+"]
[Site "Stiga Sports Arena, Arenatorget 1, Eskilstuna, Sweden"]
[Date "2019.07.13"]
[Round "8.2"]
[White "Adolfsson, Kjell"]
[Black "Svensson, Hakan"]
[Result "1/2-1/2"]
[TimeControl "90 minutes for 40 moves + 30 minutes for the rest of the game + 30 seconds per move from move one"]
[WhiteFideId "1714961"]
[BlackFideId "1714201"]
[WhiteElo "1895"]
[BlackElo "2056"]

1. Nc3 d5 2. e4 dxe4 3. Nxe4 Qd5 4. Qf3 Nc6 5. Nc3 Qe5+ 6. Qe3 Qxe3+ 7. fxe3 Bf5 8. d3 Nb4 9. Kd2 e5 10.
a3 Nc6 11. b4 O-O-O 12. Bb2 Nf6 13. Be2 Kb8 14. Na4 Nd7 15. Nc3 Nf6 16. Na4 Nd7 1/2-1/2

[Event "Swedish Chess Championship 2019: Veteran-SM 65+"]
[Site "Stiga Sports Arena, Arenatorget 1, Eskilstuna, Sweden"]
[Date "2019.07.13"]
[Round "8.3"]
[White "Gromark, Jonas"]
[Black "Amnell, Mats"]
[Result "0-1"]
[TimeControl "90 minutes for 40 moves + 30 minutes for the rest of the game + 30 seconds per move from move one"]
[WhiteFideId "137122733"]
[BlackFideId "1717316"]
[WhiteElo "1833"]
[BlackElo "1770"]

1. e4 d6 2. Nc3 Nf6 3. f4 g6 4. Nf3 Bg7 5. Bc4 O-O 6. d3 c6 7. O-O b5 8. Bb3 a5 9. a4 b4 10. Ne2 Nbd7 11. Kh1 Nc5 12.
Qe1 Nxb3 13. cxb3 Ba6 14. Qd1 Nd7 15. Qc2 Qb6 16. Ne1 f5 17. Rf3 e5 18. Be3 c5 19. Rg3 fxe4 20. Rd1 exf4 21.
Nxf4 Be5 22. Qd2 Bxf4 23. Bxf4 Rxf4 24. h3 Rf1+ 25. Kh2 c4 26. d4 d5 27. Qg5 Nf6 28. h4 Qd6 29. h5 Nxh5 30.
Qxh5 Qxg3+ 0-1

[Event "Swedish Chess Championship 2019: Veteran-SM 65+"]
[Site "Stiga Sports Arena, Arenatorget 1, Eskilstuna, Sweden"]
[Date "2019.07.13"]
[Round "8.4"]
[White "Gajic, Zoran"]
[Black "Lagerborg, Krister"]
[Result "0-1"]
[TimeControl "90 minutes for 40 moves + 30 minutes for the rest of the game + 30 seconds per move from move one"]
[WhiteFideId "1718304"]
[BlackFideId "1712411"]
[WhiteElo "1936"]
[BlackElo "2129"]

1. d4 Nf6 2. Nf3 g6 3. Bg5 Bg7 4. Nbd2 d6 5. c3 c6 6. e4 Qc7 7. Bc4 e5 8. dxe5 dxe5 9. Qe2 Nbd7 10. h3 b5 11. Bb3 Nc5 12. Bc2 O-O 13. a4 a6 14. axb5 cxb5 15. O-O Bb7 16. Qe3 Rfe8 17. Rfe1 Rad8 18.
Nf1 Qc6 19. Ng3 Qc7 20. h4 h5 21. Bh6 Ng4 0-1

[Event "Swedish Chess Championship 2019: Veteran-SM 65+"]
[Site "Stiga Sports Arena, Arenatorget 1, Eskilstuna, Sweden"]
[Date "2019.07.14"]
[Round "9.1"]
[White "Svensson, Hakan"]
[Black "Andersson, Kjell-Ake"]
[Result "0-1"]
[TimeControl "90 minutes for 40 moves + 30 minutes for the rest of the game + 30 seconds per move from move one"]
[WhiteFideId "1714201"]
[BlackFideId "1713825"]
[WhiteElo "2056"]
[BlackElo "1859"]

1. d4 Nf6 2. Bg5 e6 3. Nf3 Be7 4. Nbd2 d5 5. e3 Nbd7 6. Bd3 b6 7. O-O Bb7 8. c3 Ne4 9. Bxe7 Qxe7 10. Qe2 O-O 11. Ne5 Nxd2 12.
Qxd2 Nxe5 13. dxe5 c5 14. f4 a5 15. Qe2 c4 16. Bc2 b5 17. Qh5 g6 18. Qh6 f6 19. exf6 Rxf6 20. Rae1 Raf8 21.
Qg5 e5 22. f5 e4 23. Rf4 Qe5 24. Ref1 Kg7 25. Rh4 Kh8 26. Rff4 R6f7 27. Qxg6 Bc8 28. f6 b4 29. Rh5 Qc7 30.
Rfh4 Rg8 31. Qh6 Bg4 32. Rxd5 bxc3 33. bxc3 Bf3 34. Bxe4 Rxg2+ 35. Kf1 Bxe4 36. Rxe4 Rg8 37. Qf4 Qb7 38.
Red4 Qb1+ 39. Rd1 Qg6 40. Ke1 Qg1+ 41. Kd2 Qg2+ 42. Kc1 Qxa2 43. Rd7 Rxd7 0-1

[Event "Swedish Chess Championship 2019: Veteran-SM 65+"]
[Site "Stiga Sports Arena, Arenatorget 1, Eskilstuna, Sweden"]
[Date "2019.07.14"]
[Round "9.2"]
[White "Moborn, Anders"]
[Black "Gromark, Jonas"]
[Result "1-0"]
[TimeControl "90 minutes for 40 moves + 30 minutes for the rest of the game + 30 seconds per move from move one"]
[WhiteFideId "1706349"]
[BlackFideId "137122733"]
[WhiteElo "2034"]
[BlackElo "1833"]

1. d4 d5 2. c4 e6 3. Nf3 Be7 4. Nc3 Nf6 5. Bg5 h6 6. Bh4 Nbd7 7. e3 c5 8. cxd5 Nxd5 9. Bxe7 Nxe7 10.
dxc5 Qa5 11. Qd4 Nf5 12. Qa4 Qxc5 13.
Ne4 Qc7 14. Qa3 Nf6 15. Nc3 Qd6 16. Qa4+ Bd7 17. Bb5 O-O 18. e4 Bxb5 19. Qxb5 Nd4 20. Nxd4 Qxd4 21. Rd1 Qb6 22. Qxb6 axb6 23.
Ke2 Rfd8 24. f3 Kf8 25. e5 Nd7 26. f4 f6 27. exf6 gxf6 28. Rd6 Ke7 29. Rhd1 Rac8 30. Kf3 Rc6 31.
R6d2 Rcc8 32. Ne4 f5 33. Nd6 Nf6 34. Nxc8+ 1-0

[Event "Swedish Chess Championship 2019: Veteran-SM 65+"]
[Site "Stiga Sports Arena, Arenatorget 1, Eskilstuna, Sweden"]
[Date "2019.07.14"]
[Round "9.3"]
[White "Lagerborg, Krister"]
[Black "Adolfsson, Kjell"]
[Result "1-0"]
[TimeControl "90 minutes for 40 moves + 30 minutes for the rest of the game + 30 seconds per move from move one"]
[WhiteFideId "1712411"]
[BlackFideId "1714961"]
[WhiteElo "2129"]
[BlackElo "1895"]

1. e4 b6 2. f4 Bb7 3. d3 e6 4. Nf3 d6 5. g3 Nd7 6. Bg2 Be7 7. O-O c5 8. Qe2 Qc7 9. c3 Ngf6 10. Nbd2 O-O 11. h3 h6 12.
g4 Nh7 13. Rf2 e5 14. f5 g5 15. c4 Nb8 16. Nf1 f6 17. Ne3 Bd8 18. Nd2 Nc6 19. Nb1 Nd4 20. Qd1 Qd7 21. Nc3 Rf7 22.
Ned5 Bc6 23. Be3 Qe8 24. Bf3 Rb7 25. Qd2 a6 26. Kg2 b5 27. Ne2 Rab8 28. cxb5 Rxb5 29. Bxd4 exd4 30. b3 Ba5 31. Qc2 R5b7 32. Qc4 Qf7 33. Qxa6 Bxd5 34. exd5 Bc7 35. Ng3 Rb6 36. Qc4 Nf8 37.
Be4 Nd7 38. Qc2 R6b7 39. Qe2 Ra7 40. Rh1 Ra3 41. h4 Rba8 42. hxg5 hxg5 43. Kg1 Ne5 44. Rfh2 Qg7 45. Nf1 Rxa2 46.
Qxa2 Rxa2 47. Rxa2 Nxg4 48. Ra8+ Kf7 49. Rah8 1-0

[Event "Swedish Chess Championship 2019: Veteran-SM 65+"]
[Site "Stiga Sports Arena, Arenatorget 1, Eskilstuna, Sweden"]
[Date "2019.07.14"]
[Round "9.4"]
[White "Wedin, Svante"]
[Black "Gajic, Zoran"]
[Result "1-0"]
[TimeControl "90 minutes for 40 moves + 30 minutes for the rest of the game + 30 seconds per move from move one"]
[WhiteFideId "1711989"]
[BlackFideId "1718304"]
[WhiteElo "2003"]
[BlackElo "1936"]

1. e4 g6 2. d4 Bg7 3. f4 d6 4. Nf3 Nd7 5. Be2 e6 6. O-O Ne7 7. Nc3 O-O 8. Be3 d5 9. e5 f6 10.
g4 fxe5 11. fxe5 c5 12. Ng5 Nxe5 13. Rxf8+ Qxf8 14. dxe5 d4 15. Nce4 Bxe5 16. Qf1 Qxf1+ 17. Rxf1 dxe3 18. Nxh7 Nd5 19.
Nhf6+ Kh8 20. Nxd5 exd5 21. Nxc5 Bxb2 22. Rf8+ Kg7 23. Ne6+ Bxe6 24. Rxa8 Kf6 25. Rxa7 b6 26. Ra4 Ke5 27.
Kg2 Bc3 28. Kf3 d4 29. Bc4 Bd7 30. Ra7 Bc6+ 31. Ke2 Kf4 32. Rf7+ Kxg4 33. Bd3 g5 34. Bf5+ 1-0